 Dungeon Crawl Stone Soup version 0.26.1-11-gd32895ea62 (webtiles) character file.

Game seed: 14229533675375385240

5638 ziltoidlt the Blocker (level 10, 0/76 (77) HPs)
             Began as a Demonspawn Fighter on June 9, 2021.
             Was a Priest of Nemelex Xobeh.
             Engulfed by a death drake's foul pestilence (11 damage)
             ... on level 10 of the Dungeon on June 10, 2021.
             The game lasted 01:15:55 (12230 turns).

ziltoidlt the Blocker (Demonspawn Fighter)         Turns: 12230, Time: 01:15:56

HP:   0/76 (77)     AC: 14    Str: 25    XL:     10   Next: 46%
MP:   13/15         EV:  8    Int: 10    God:    Nemelex Xobeh [***...]
Gold: 690           SH: 18    Dex: 19    Spells: 9/9 levels left

rFire    + + .     SeeInvis .   a - +0 flail
rCold    + + +     Faith    .   c - +5 kite shield
rNeg     . . .     Spirit   .   b - +2 scale mail {rPois}
rPois    +         Reflect  .   s - +1 helmet
rElec    +         Harm     .   w - scarf {rC+ rF+}
rCorr    +         Rampage  .   M - +0 pair of gloves
Will     .....                  (no boots)
Stlth    ..........             (no amulet)
HPRegen  0.22/turn              r - +6 ring of strength
MPRegen  0.14/turn              O - +6 ring of dexterity

@: lethally poisoned (0 -> -15), resistant, very slightly contaminated, slowed,
lightly drained, invisible, very slow
A: hooves 1, rugged brown scales 2, cold resistance 1
a: Renounce Religion, Draw Escape, Draw Destruction, Draw Summoning, Triple Draw


You were on level 10 of the Dungeon.
You worshipped Nemelex Xobeh.
Nemelex Xobeh was most pleased with you.
You visited 2 branches of the dungeon, and saw 12 of its levels.

You collected 887 gold pieces.
You spent 197 gold pieces at shops.

Inventory:

Hand Weapons
 a - a +0 flail (weapon)
 C - a +1 whip
 E - a +1 rapier of venom
 Q - a +0 morningstar
Missiles
 j - 244 arrows
 m - 97 bolts
 p - 211 stones
 q - 177 sling bullets
 G - 4 boomerangs (quivered)
 J - a throwing net
 S - 10 poisoned darts
Armour
 b - a +2 scale mail of poison resistance (worn)
 c - a +5 kite shield (worn)
 s - a +1 helmet (worn)
 w - a scarf of resistance (worn)
 z - a +2 robe of willpower
 M - a +0 pair of gloves (worn)
Jewellery
 r - a +6 ring of strength (left hand)
 B - an uncursed ring of protection from cold
 L - the amulet "Ragreirana" {RegenMP rF- Str+6}
   (You found it on level 6 of the Dungeon)

   [amulet of magic regeneration]

   It increases your magic regeneration.
   It affects your strength (+6).
   It makes you vulnerable to fire.
 O - a +6 ring of dexterity (right hand)
Wands
 g - a wand of flame (17)
 h - a wand of paralysis (21)
 y - a wand of polymorph (6)
 A - a wand of iceblast (15)
 H - a wand of acid (5)
 I - a wand of enslavement (9)
Scrolls
 e - 2 scrolls of magic mapping
 l - 2 scrolls of remove curse
 n - 5 scrolls of teleportation
 o - 8 scrolls of identify
 v - a scroll of blinking
 F - a scroll of fear
 R - a scroll of fog
Potions
 d - 4 potions of might
 f - 2 potions of invisibility
 i - 5 potions of lignification
 k - 2 potions of curing
 t - a potion of berserk rage
 D - 2 potions of magic
 K - 4 potions of flight
 N - 2 potions of attraction
 P - a potion of brilliance
 T - a potion of haste


   Skills:
 + Level 5.0 Fighting
 * Level 9.0 Maces & Flails
 - Level 4.3 Armour
 * Level 9.2 Shields
 + Level 7.4 Invocations


You had 9 spell levels left.
You didn't know any spells.
Your spell library contained the following spells:

 Spells                   Type           Power        Failure   Level
 Magic Dart               Conj           0%           88%         1
 Blink                    Tloc           N/A          95%         2
 Call Imp                 Summ           0%           95%         2
 Slow                     Hex            0%           95%         2
 Conjure Flame            Conj/Fire      0%           99%         3
 Mephitic Cloud           Conj/Pois/Air  0%           99%         3


Dungeon Overview and Level Annotations

Branches:
Dungeon (11/15)            Temple (1/1) D:6             Orc (0/2) D:10
   Lair: D:8-11

Altars:
Ashenzari
Cheibriados
Dithmenos
Elyvilon
Fedhas
Gozag
Hepliaklqana
Kikubaaqudgha
Makhleb
Nemelex Xobeh
Okawaru
Qazlal
Ru
Sif Muna
Trog
Uskayaw
Vehumet
Wu Jian
Xom
Yredelemnul
Zin
The Shining One

Shops:
D:4 *   D:7 *

Annotations:
D:8 exclusion: 6 doors


Innate Abilities, Weirdness & Mutations

You have large cloven feet.
You are mostly covered in rugged brown scales. (AC +2, +5% HP)
Your flesh is cold resistant. (rC+)


Message History

* * * LOW HITPOINT WARNING * * *
x2 You feel very sick.
The death drake bites you.
* * * LOW HITPOINT WARNING * * *
You feel better. You block the death drake's attack.
You block the wight's attack. The death drake bites you.
* * * LOW HITPOINT WARNING * * *
You draw... (choose one card, ? for their descriptions) a - Velocity
b - the Tomb
c - the Tomb You have drawn Velocity.
Nothing appears to happen.
You block the death drake's attack. The wight hits you but does no damage.
The death drake barely misses you. You block the wight's attack.
You block the death drake's attack. The death drake breathes miasma at you.
The foul vapour engulfs you but does no damage.
You are lethally poisoned!
You die...
Your body disappears without a glow.

#####....[.....##...#
........>......#....####
............#..........#
..##.....#.###....#....##
...#........###..#####..#
###.............).##....#
##......................##
.............z°°°°.[..[..#
##............k☼@..)[[)<[#
#.............°°°......[.##
..........#.......###..##.##
##...........###.## ##.....#
#.#.........####.####.....##
####.......#.##....#.......#
.##.#.......####...........#
..###....####..........##.##
...####.## #.......##..####


You could see a death drake (catching breath) and a wight.

Vanquished Creatures
  A two-headed ogre (D:9)
  Maurice (D:9)
  Sigmund (D:5)
  A wraith (D:10)
  Duvessa (D:5)
  A water moccasin (D:8)
  3 orc warriors
  A black bear (D:6)
  2 phantoms
  An ogre (D:4)
  A necrophage (D:4)
  6 centaurs
  Blork the orc (D:5)
  2 big kobolds (D:8)
  2 bullfrogs
  2 gnoll sergeants
  A wyvern skeleton (D:9)
  Dowan (D:5)
  9 killer bees
  11 wights
  A howler monkey (D:4)
  6 hounds
  A quasit (D:6)
  A jelly (D:6)
  3 orc priests
  Crazy Yiuf (D:7)
  2 centaur skeletons
  7 orc wizards
  5 iguanas
  8 worker ants
  2 worker ant zombies
  A howler monkey zombie (D:8)
  15 gnolls
  9 adders
  An ufetubus (D:4)
  5 oozes
  3 adder skeletons
  4 worms
  5 dart slugs
  7 leopard geckos
  55 orcs
  A ball python (D:1)
  18 bats
  6 giant cockroaches
  8 goblins
  3 hobgoblins
  15 jackals
  3 quokkas
  6 frilled lizards
  12 kobolds
  A leopard gecko skeleton (D:5)
  6 rats
270 creatures vanquished.

Vanquished Creatures (collateral kills)
  An orc warrior (D:8)
  An ogre (D:8)
  An orc wizard (D:8)
  A hound zombie (D:8)
  An orc (D:8)
  4 kobolds (D:8)
9 creatures vanquished.

Vanquished Creatures (others)
  A hound (D:11)
  A jackal (D:11)
  A fungus (D:1)
  5 toadstools (D:1)
8 creatures vanquished.

Grand Total: 287 creatures vanquished

Notes
Turn   | Place    | Note
-------+----------+-------------------------------------------
     0 | D:1      | ziltoidlt the Demonspawn Fighter began the quest for the
                  | Orb.
     0 | D:1      | Reached XP level 1. HP: 18/18 MP: 1/1
   220 | D:1      | Gained mutation: You are partially covered in rugged brown
                  | scales. (AC +1, +3% HP) [demonic ancestry]
   220 | D:1      | Reached XP level 2. HP: 15/24 MP: 2/2
   731 | D:1      | Reached XP level 3. HP: 29/29 MP: 3/3
  1612 | D:2      | Gained mutation: You are mostly covered in rugged brown
                  | scales. (AC +2, +5% HP) [demonic ancestry]
  1612 | D:2      | Reached XP level 4. HP: 24/36 MP: 4/4
  2233 | D:3      | Gained mutation: You have large cloven feet. [demonic
                  | ancestry]
  2233 | D:3      | Reached XP level 5. HP: 43/43 MP: 5/5
  3128 | D:4      | Noticed a phantom
  3211 | D:3      | Killed a phantom
  3212 | D:3      | Reached XP level 6. HP: 24/49 MP: 6/6
  3432 | D:4      | Reached skill level 5 in Shields
  3474 | D:4      | Found Yzoedd's Elemental Accessories.
  3485 | D:4      | Bought a wand of flame (19) for 115 gold pieces
  3717 | D:4      | Reached skill level 5 in Maces & Flails
  3851 | D:4      | Reached XP level 7. HP: 50/54 MP: 7/7
  4656 | D:5      | Entered Level 5 of the Dungeon
  4715 | D:5      | Noticed Sigmund
  4763 | D:5      | Killed Sigmund
  4818 | D:5      | Found a shadowy altar of Dithmenos.
  4824 | D:5      | Found an ancient bone altar of Kikubaaqudgha.
  5002 | D:5      | Found a sparkling altar of Nemelex Xobeh.
  5002 | D:5      | Found a broken altar of Ashenzari.
  5002 | D:5      | Found a stormy altar of Qazlal.
  5004 | D:5      | Found a sacrificial altar of Ru.
  5007 | D:5      | Became a worshipper of Nemelex Xobeh the Trickster
  5034 | D:5      | Noticed Dowan
  5048 | D:5      | Noticed Duvessa
  5051 | D:5      | Killed Dowan
  5057 | D:5      | Reached skill level 1 in Invocations
  5057 | D:5      | Reached XP level 8. HP: 60/60 MP: 8/8
  5067 | D:5      | Killed Duvessa
  5428 | D:5      | Noticed Blork the orc
  6365 | D:5      | Killed Blork the orc
  6443 | D:5      | Reached skill level 5 in Invocations
  6845 | D:6      | Got a twitching platinum amulet
  6846 | D:6      | Identified the amulet "Ragreirana" {RegenMP rF- Str+6} (You
                  | found it on level 6 of the Dungeon)
  6907 | D:6      | Reached XP level 9. HP: 66/66 MP: 11/13
  7294 | D:6      | Reached * piety under Nemelex Xobeh
  7415 | D:6      | Found a staircase to the Ecumenical Temple.
  7435 | D:6      | Found a glowing silver altar of Zin.
  7437 | D:6      | Noticed an angel
  7460 | D:6      | Found a shimmering altar of Xom.
  7684 | Temple   | Entered the Ecumenical Temple
  8665 | D:7      | Received a gift from Nemelex Xobeh
  8712 | D:7      | Found Zoffuk's General Store.
  8741 | D:7      | Bought a scroll of identify for 22 gold pieces
  8741 | D:7      | Bought 5 boomerangs for 27 gold pieces
  8741 | D:7      | Bought a potion of curing for 33 gold pieces
  8788 | D:7      | Found a runed translucent door.
  8789 | D:7      | Noticed Crazy Yiuf
  8795 | D:7      | Killed Crazy Yiuf
  9624 | D:8      | Reached ** piety under Nemelex Xobeh
  9904 | D:8      | Found a basalt altar of Yredelemnul.
  9915 | D:8      | Found an ornate altar of the Wu Jian Council.
 10233 | D:9      | Received a gift from Nemelex Xobeh
 10250 | D:9      | Noticed a two-headed ogre
 10265 | D:9      | Killed a two-headed ogre
 10266 | D:9      | Gained mutation: Your flesh is cold resistant. (rC+)
                  | [demonic ancestry]
 10266 | D:9      | Reached XP level 10. HP: 48/76 MP: 13/15
 10556 | D:9      | Found a snail-covered altar of Cheibriados.
 10671 | D:9      | Received a gift from Nemelex Xobeh
 10674 | D:9      | Noticed Maurice
 10678 | D:9      | Killed Maurice
 11230 | D:10     | Entered Level 10 of the Dungeon
 11240 | D:10     | Reached *** piety under Nemelex Xobeh
 11611 | D:10     | Reached skill level 5 in Fighting
 11842 | D:10     | Received a gift from Nemelex Xobeh
 11874 | D:10     | Found a staircase to the Orcish Mines.
 12075 | D:11     | Noticed a manticore
 12078 | D:11     | Noticed a death drake
 12078 | D:11     | a manticore changed into a death drake
 12230 | D:10     | Engulfed by a death drake's foul pestilence

Illustrated notes

Levels and vault maps discovered:
D:1:      dpeg_arrival_arbitrary_b, layout_loops_ring, minmay_gold_behind_fungi
D:2:      layout_basic
D:3:      layout_loops_ring, minmay_misc_feat_tiny
D:4:      layout_loops_ring, nicolae_elemental_shop
D:5:      layout_basic, grunt_temple_overflow_open, uniq_blork_the_orc,
          uniq_duvessa, uniq_sigmund
D:6:      layout_basic, grunt_temple_overflow_order_and_chaos_1,
          minmay_temple_entry_grid
D:7:      layout_basic, serial_shops, nicolae_shop_trees,
          uniq_crazy_yiuf_cottage
D:8:      layout_rooms, amethyst_overflow_temple_binary,
          kennysheep_generic_room_15
D:9:      layout_grid_maze, slow_altar_2, uniq_maurice
D:10:     layout_cave_pools, hiddenorc1_lemuel, minmay_misc_feat_diagonals,
          minmay_misc_feat_roman
D:11:     minmay_the_grid_square_5x5_4x4_mashed
          [minmay_the_grid_square_5x5_three_small,
          minmay_the_grid_square_5x5_six_small,
          minmay_the_grid_square_5x5_pentomino_r,
          minmay_the_grid_square_5x5_inner_z, minmay_the_grid_square_5x5_two,
          minmay_the_grid_square_5x5_prize_snowflake,
          minmay_the_grid_square_5x5_prize_pseudospiral,
          minmay_the_grid_square_5x5_gyroscope,
          minmay_the_grid_square_5x5_inner_v,
          minmay_the_grid_square_5x5_prize_monsterx,
          minmay_the_grid_square_5x5_prize_gold,
          minmay_the_grid_square_5x5_inner_i,
          minmay_the_grid_square_5x5_minibox, minmay_the_grid_square_5x5_fat_x,
          minmay_the_grid_square_5x5_one_wall, minmay_the_grid_square_5x5_mess],
          layout_cave_pools, erik_lair_dragon, serial_shops, shop, basic_altar,
          serial_undead, serial_undead_e, serial_undead_c, serial_undead_e,
          serial_undead_c, fedhas_altar_decomposition
Temple:   minmay_temple_curvy_loop

Skill      XL: |  1  2  3  4  5  6  7  8  9 10 |
---------------+-------------------------------+-----
Maces & Flails | 2 3 4 5 6 7 8 9 |  9.0
Shields        | 3 4 5 6 7 8 9 |  9.2
Invocations    | 1 5 6 7 |  7.4
Armour         | 4 |  4.3
Fighting       | 4 5 |  5.0

Action                   |  1- 3 |  4- 6 |  7- 9 | 10-12 || total
-------------------------+-------+-------+-------+-------++-------
Melee: Flail             |   132 |    44 |       |    38 ||   214
       Mace              |       |    89 |       |       ||    89
       Whip              |       |   127 |   667 |   119 ||   913
       Kick              |       |    37 |   256 |    76 ||   369
Throw: Stone             |    11 |    46 |     6 |       ||    63
       Boomerang         |       |       |    67 |    18 ||    85
Invok: Draw Destruction  |       |       |     4 |     8 ||    12
       Draw Summoning    |       |       |     3 |       ||     3
       Draw Escape       |       |       |     2 |       ||     2
       Triple Draw       |       |       |       |     2 ||     2
Evoke: Wand              |       |       |     8 |       ||     8
  Use: Scroll            |       |    15 |    14 |     3 ||    32
       Potion            |       |       |     7 |     5 ||    12
Armor: Scale mail        |     5 |       |    68 |    27 ||   100
       Ring mail         |    55 |    95 |    73 |       ||   223
       Skin              |       |       |    16 |       ||    16
       Plate armour      |       |       |     4 |    11 ||    15
Dodge: Dodged            |    49 |    75 |   137 |    19 ||   280
Block: Kite shield       |    63 |   114 |   335 |   102 ||   614
